 Seeded DCSS version 0.30.1-11-g7821555f0a (webtiles) character file.

Game seed: 5 (custom seed)

716 Kazon the Slasher (level 7, 0/64 HPs)
             Began as a Naga Fighter on Jan 4, 2024.
             Was a Believer of Okawaru.
             Slain by an ogre
             ... wielding a +0 giant spiked club
              (16 damage)
             ... on level 5 of the Dungeon.
             The game lasted 00:14:15 (2950 turns).

Kazon the Slasher (Naga Fighter)                    Turns: 2950, Time: 00:14:16

Health: 0/64       AC:  7    Str: 18    XL:     7   Next: 69%
Magic:  18/18      EV:  4    Int: 10    God:    Okawaru [**....]
Gold:   203        SH: 14    Dex: 19    Spells: 6/6 levels left

rFire   . . .        q - +5 demon blade of Zigiuth {vamp, Int+2}
rCold   . . .        c - +0 tower shield
rNeg    . . .        b - +0 scale mail
rPois   +            h - +0 helmet
rElec   .            (no cloak)
rCorr   .            (no gloves)
SInv    +            (no barding)
Will    .....        (no amulet)
Stlth   +            r - ring of magical power
HPRegen 0.30/turn    z - +6 ring of dexterity
MPRegen 0.16/turn

%: no passive effects
@: very slow
A: AC +2, large, see invisible, deformed body, poison resistance, slowness 2,
spit poison 1, naga tail 1
a: Spit Poison, Renounce Religion, Heroism


You were on level 5 of the Dungeon.
You worshipped Okawaru.
Okawaru was pleased with you.
You visited 2 branches of the dungeon, and saw 6 of its levels.

You collected 203 gold pieces.

Inventory:

Hand Weapons
 e - a +2 vampiric dagger
 f - a +0 hand axe of flaming
 q - the +5 demon blade of Zigiuth (weapon) {vamp, Int+2}
   (You acquired it on level 1 of the Dungeon)

   Int:       It affects your intelligence (+2).
Missiles
 a - 5 stones (quivered)
 j - 3 boomerangs
 p - 5 poisoned darts
Armour
 b - a +0 scale mail (worn)
 c - a +0 tower shield (worn)
 h - a +0 helmet (worn)
Jewellery
 r - a ring of magical power (left hand)
 z - a +6 ring of dexterity (right hand)
 C - an amulet of guardian spirit
Wands
 x - a wand of paralysis (8)
Scrolls
 k - a scroll of blinking {unknown}
 m - 2 scrolls of magic mapping {unknown}
 n - a scroll of summoning {unknown}
 o - 2 scrolls of identify {unknown}
 t - 2 scrolls of teleportation {unknown}
 v - a scroll of amnesia {unknown}
 w - a scroll of fog {unknown}
 y - a scroll of torment {unknown}
Potions
 d - a potion of might
 g - a potion of resistance {unknown}
 i - 2 potions of invisibility {unknown}
 l - a potion of berserk rage {unknown}
 s - a potion of flight {unknown}
 u - 3 potions of curing {unknown}
 A - 2 potions of heal wounds {unknown}
 B - a potion of lignification {unknown}
 D - a potion of attraction {unknown}


   Skills:
 + Level 4.1 Fighting
 + Level 4.8 Long Blades
 + Level 1.9 Throwing
 + Level 3.7 Armour
 + Level 0.8 Dodging
 + Level 1.6 Stealth
 + Level 3.7 Shields
 * Level 3.0 Invocations
 * Level 0.1 Evocations


You had 6 spell levels left.
You didn't know any spells.
Your spell library contained the following spells:

 Spells                   Type           Power      Damage    Failure   Level
 Frozen Ramparts          Ice            0%         1d1       100%        3
 Ice Form                 Ice/Tmut       0%         N/A       100%        4
 Summon Ice Beast         Ice/Summ       Unusable   N/A       N/A         4

Dungeon Overview and Level Annotations

Branches:
Dungeon (5/15)             Temple (1/1) D:4

Altars:
Dithmenos
Fedhas
Gozag
Hepliaklqana
Okawaru
Qazlal
Trog
Uskayaw
Wu Jian
The Shining One


Innate Abilities, Weirdness & Mutations

Your serpentine skin is tough. (AC +2)
You have supernaturally acute eyesight. (SInv)
Armour fits poorly on your strangely shaped body.
Your system is resistant to poisons. (rPois)
You cover ground very slowly.
You can spit poison.
You have a snake-like lower body.


Message History

The gnoll shouts!
You hear a shout!
An ogre comes into view. It is wielding a +0 giant spiked club.
Aiming: Spit Poison (1% risk of failure)
Press: ? - help, Shift-Dir - straight line, f - gnoll
Aim: a gnoll, wielding a +0 flail (65% to hit)
The splash of poison hits the gnoll!
The gnoll is severely wounded.
Unknown command.
Throw: 6 stones
Press: ? - help, Q - select action, (/) - cycle Shift-Dir - straight line, f/p - gnoll
Aim: a gnoll, wielding a +0 flail (severely wounded, 66% to hit)
You throw a stone.
The stone hits the gnoll but does no damage.
The gnoll is severely wounded.
You hit the gnoll.
The gnoll is almost dead.
The gnoll hits you but does no damage.
You slash the gnoll!
You kill the gnoll!
Okawaru accepts your kill.
The ogre hits you with a +0 giant spiked club!!
Your Invocations skill increases to level 3!
You hit the ogre.
You feel better.
The ogre is lightly wounded.
You have got your breath back.
The ogre hits you with a +0 giant spiked club!!
You hit the ogre.
You feel better.
The ogre is lightly wounded.
The ogre barely misses you.
You barely miss the ogre.
The ogre is lightly wounded.
The ogre hits you with a +0 giant spiked club!!
* * * LOW HITPOINT WARNING * * *
You hit the ogre.
You feel better.
The ogre is moderately wounded.
You block the ogre's attack.
You slash the ogre!
You feel better.
The ogre is severely wounded.
The ogre hits you with a +0 giant spiked club!
You die...

#.........
#.......O #.......
#....g. #.....#
#.....# #.....#
#.....######
##+##)..)@.#
#...O..# #......#
#......# #......#
#...# #......#
+...# #......#
#...# #......#
.#)..#######......#


You could see an ogre.

Vanquished Creatures
  Sigmund (D:4)
  2 black bears (D:4)
  A scorpion (D:4)
  A hound (D:5)
  A jelly (D:5)
  3 iguanas
  2 gnolls (D:5)
  7 adders
  An ufetubus (D:4)
  3 worms
  6 orcs
  4 bats
  9 endoplasms
  A giant cockroach (D:1)
  12 goblins
  7 hobgoblins
  11 jackals
  3 kobolds
  3 quokkas (D:4)
  6 ball pythons
  3 frilled lizards
  4 rats
91 creatures vanquished.

Notes
Turn   | Place    | Note
-------+----------+-------------------------------------------
     0 | D:1      | Kazon the Naga Fighter began the quest for the Orb.
     0 | D:1      | Reached XP level 1. HP: 21/21 MP: 1/1
    36 | D:1      | Identified a scroll of acquirement
    36 | D:1      | Acquired the +5 demon blade of Zigiuth {vamp, Int+2}
    55 | D:1      | Reached XP level 2. HP: 28/28 MP: 2/2
   285 | D:1      | Reached XP level 3. HP: 34/34 MP: 3/3
  1073 | D:2      | Reached XP level 4. HP: 42/43 MP: 4/4
  1178 | D:2      | Reached skill level 1 in Stealth
  1664 | D:3      | Found a blossoming altar of Fedhas.
  1682 | D:3      | Reached skill level 1 in Throwing
  1682 | D:3      | Reached XP level 5. HP: 49/49 MP: 5/5
  1745 | D:3      | Found a stormy altar of Qazlal.
  1831 | D:3      | Identified the +2 sling "Qeuhanocyt" {speed, rElec Str-3
                  | Dex+2}
  1901 | D:3      | Found a faded altar of an unknown god.
  2000 | D:4      | Found a staircase to the Ecumenical Temple.
  2008 | Temple   | Entered the Ecumenical Temple
  2022 | Temple   | Became a worshipper of Warmaster Okawaru
  2097 | D:4      | Noticed a black bear
  2107 | D:4      | Killed a black bear
  2108 | D:4      | Reached skill level 1 in Invocations
  2112 | D:4      | Found a hazy altar of Hepliaklqana.
  2113 | D:4      | Found a shadowy altar of Dithmenos.
  2113 | D:4      | Noticed a shadow
  2148 | D:4      | Noticed Sigmund
  2161 | D:4      | Killed Sigmund
  2161 | D:4      | Reached * piety under Okawaru
  2162 | D:4      | Reached XP level 6. HP: 38/57 MP: 7/7
  2267 | D:4      | Reached XP level 7. HP: 51/63 MP: 8/8
  2803 | D:5      | Entered Level 5 of the Dungeon
  2933 | D:5      | Reached ** piety under Okawaru
  2950 | D:5      | Slain by an ogre

Illustrated notes

Levels and vault maps discovered:
D:1:      ebering_trefoil_3fold, layout_basic, st_stairs_14, serial_bayou_ford_a
D:2:      layout_basic, hangedman_decor_growths, minmay_close_crescents
D:3:      layout_rooms, mainiacjoe_overflow_concentric_impassable,
          mainiacjoe_overflow_paths, shapermc_ecumenical_altar_acropolis,
          chequers_serial_rivers_micro_b
D:4:      layout_basic, riverfiend_overflow_shadow_ancestor,
          minmay_temple_entry_glass, uniq_sigmund
D:5:      layout_gridville
Temple:   nicolae_temple_elliptical

Skill      XL: |  1  2  3  4  5  6  7 |
---------------+----------------------+-----
Shields        | 3 |  3.7
Stealth        | 1 |  1.6
Throwing       | 1 |  1.9
Long Blades    | 4 |  4.8
Armour         | 3 |  3.7
Invocations    | 1 2 3 |  3.0
Fighting       | 4 |  4.1
Dodging        | |  0.8
Evocations     | |  0.1

Action                     |  1- 3 |  4- 6 |  7- 9 || total
---------------------------+-------+-------+-------++-------
  Melee: Long sword        |    10 |       |       ||    10
         Demon blade       |    61 |    65 |    36 ||   162
         Hand axe          |       |     8 |    13 ||    21
  Throw: Stone             |       |    10 |     7 ||    17
         Dart              |       |       |     5 ||     5
Ability: Spit Poison       |    16 |    23 |    10 ||    49
    Use: Scroll            |     2 |       |       ||     2
         Potion            |     1 |       |       ||     1
 Armour: Scale mail        |    37 |    19 |    10 ||    66
  Dodge: Dodged            |    17 |     5 |     5 ||    27
  Block: Buckler           |     1 |       |       ||     1
         Tower shield      |    26 |    51 |    41 ||   118
